 Dungeon Crawl Stone Soup version 0.27-a0-1502-g47ed6a6988 (webtiles) character file.

Game seed: 7520148243010510117

9382 ABBCCCDDDD the Thaumaturge (level 11, -11/79 HPs)
             Began as a Djinni Hedge Wizard on July 9, 2021.
             Was the Champion of Zin.
             Mangled by Snorg (13 damage)
             ... on level 10 of the Dungeon.
             The game lasted 00:48:08 (18621 turns).

ABBCCCDDDD the Thaumaturge (Djinni Hedge Wizard)   Turns: 18621, Time: 00:48:09

Health: -11/79     AC: 15    Str: 10    XL:     11   Next: 73%
Gold:   336        EV: 15    Int: 17    God:    Zin [******] SH:  0 Dex: 14

rFire    + + .     SeeInvis .   G - +4 short sword (flame)
rCold    . . .     Faith    .   (no shield)
rNeg     . . .     Spirit   .   A - +1 steam dragon scales
rPois    ∞         Reflect  .   c - +0 hat
rElec    .         Harm     .   F - +1 cloak
rCorr    .         Rampage  .   D - +1 pair of gloves
Will     +....                  (boots unavailable)
Stlth    ++........             (no amulet)
HPRegen  0.23/turn              d - ring of protection from cold
MPRegen  0.00/turn              I - +4 ring of protection

@: flying
A: sickness immunity, fire resistance 2, cold vulnerability 1, float, innate
caster, hp casting, extra vitality 1
a: Renounce Religion, Recite, Vitalisation, Imprison, Sanctuary, Donate Gold


You were on level 10 of the Dungeon.
You worshipped Zin.
Zin was exalted by your worship.
You visited 2 branches of the dungeon, and saw 12 of its levels.
You also visited: Bailey.

You collected 1227 gold pieces.
You spent 770 gold pieces at shops.
You donated 121 gold pieces to Zin.

Inventory:

Hand Weapons
 f - a +2 dagger of venom
 G - a +4 short sword of flaming (weapon)
Missiles
 y - 41 poisoned darts
 z - a throwing net (quivered)
Armour
 c - a +0 hat (worn)
 A - +1 steam dragon scales (worn)
 C - a +1 leather armour of fire resistance
 D - a +1 pair of gloves (worn)
 F - a +1 cloak (worn)
Jewellery
 d - a ring of protection from cold (left hand)
 I - a +4 ring of protection (right hand)
 J - a ring of wizardry
 L - a ring of protection from fire
 N - a ring of positive energy
Wands
 b - a wand of charming (8)
 k - a wand of flame (36)
 K - a wand of acid (6)
Scrolls
 a - 4 scrolls of fear
 g - 2 scrolls of magic mapping
 j - 2 scrolls of amnesia {unknown}
 l - 2 scrolls of holy word {unknown}
 m - 2 scrolls of enchant weapon
 o - 2 scrolls of vulnerability {unknown}
 p - 2 scrolls of teleportation
 q - a scroll of blinking {unknown}
 r - 2 scrolls of fog
 s - 2 scrolls of torment {unknown}
 v - a scroll of silence
Potions
 e - 7 potions of curing
 h - 3 potions of resistance
 i - a potion of haste
 n - 2 potions of heal wounds
 t - 3 potions of degeneration {unknown}
 u - a potion of invisibility {unknown}
 w - 5 potions of might {unknown}
 x - a potion of mutation {unknown}
 B - 3 potions of ambrosia {unknown}
 E - a potion of brilliance {unknown}
 H - a potion of attraction
 M - a potion of berserk rage {unknown}


   Skills:
 + Level 7.1 Fighting
 + Level 4.7 Armour
 + Level 7.4 Dodging
 - Level 1.5 Stealth
 - Level 11.0 Spellcasting


You had 4 spell levels left.
You knew the following spells:

 Your Spells              Type           Power      Damage    Failure   Level
a - Magic Dart            Conj           100%       1d8       1%          1
b - Blink                 Tloc           N/A        N/A       1%          2
c - Call Imp              Summ           46%        N/A       1%          2
d - Slow                  Hex            46%        N/A       1%          2
e - Conjure Flame         Conj/Fire      46%        6-21      1%          3
f - Mephitic Cloud        Conj/Pois/Air  46%        N/A       1%          3
g - Freeze                Ice            100%       1d11      1%          1
h - Corpse Rot            Necr/Air       N/A        N/A       1%          2
i - Portal Projectile     Hex/Tloc       92%        N/A       1%          3
j - Passage of Golubria   Tloc           N/A        N/A       1%          4
k - Metabolic Englaciati  Hex/Ice        23%        N/A       2%          5
Your spell library was empty.

Dungeon Overview and Level Annotations

Branches:
Dungeon (11/15)            Temple (0/1) D:5            Lair (1/6) D:8
 Bailey (visited)
    Orc: D:9-12

Altars:
Gozag
Zin

Shops:
D:2 !   D:3 *   D:6 ([=(([

Annotations:
D:10 Snorg


Innate Abilities, Weirdness & Mutations

You are immune to sickness and miasma.
You are immune to poison.
Your flesh is very heat resistant. (rF++)
You are vulnerable to cold. (rC-)
You float through the air rather than walking.
You learn spells naturally, not from books.
Your magical power is your life essence.
You have superior vitality. (+4 HP)


Message History

Snorg misses you. x2; Snorg is engulfed in blazing flames.
Snorg bites you! Snorg claws you! Snorg closely misses you.
You closely miss Snorg.
Snorg is moderately wounded.
Snorg is engulfed in blazing flames.
Snorg bites you. Snorg misses you. Snorg claws you.
You puncture Snorg! You burn Snorg.
Snorg is heavily wounded.
Snorg is engulfed in blazing flames.
Snorg bites you but does no damage. Snorg misses you. Snorg claws you!
Snorg is engulfed in blazing flames.
Snorg bites you!
* * * LOW HITPOINT WARNING * * *
Snorg claws you!
* * * LOW HITPOINT WARNING * * *
Snorg closely misses you.
Casting: Mephitic Cloud (safe; 1% risk of failure)
Confirm with . or Enter, or press ? or * to list all spells.
You blink.
An orc priest comes into view. It is wielding a +0 club.
The orc priest shouts!
* * * LOW HITPOINT WARNING * * *
You hear a shout!
Snorg is engulfed in blazing flames.
Aiming: Corrosive Bolt
Press: ? - help, Shift-Dir - straight line, f/p - Snorg
Aim: Snorg (severely wounded, berserk, covered in acid, 71% to hit)
The bolt of acid hits Snorg!
Snorg is splashed with acid!
Snorg seems to be corroded for longer.
Snorg is severely wounded.
Snorg barely misses you. Snorg closely misses you. Snorg claws you.
* * * LOW HITPOINT WARNING * * *
Aiming: Corrosive Bolt
Press: ? - help, Shift-Dir - straight line, f/p - Snorg
Aim: Snorg (severely wounded, berserk, covered in acid, 71% to hit)
The bolt of acid hits Snorg!
Snorg is splashed with acid.
Snorg is almost dead.
Snorg bites you.
* * * LOW HITPOINT WARNING * * *
Snorg misses you. Snorg claws you!
You die...

.... .... ## #..# .. #..#
#. #..# .o#..## #..#
o....o.##..#
#...@.#############
#....T..)..........
#...)...########### #####
#######○# #...# #.#
#...###############.#######
...........................
....<..>...................
#################..########


You could see Snorg (berserk, corroded) and an orc priest.

Vanquished Creatures
  2 two-headed ogres (D:9)
  2 skeletal warriors (D:11)
  Pikel (D:6)
  An orc knight (Bailey)
  A manticore (D:11)
  Maurice (D:8)
  Joseph (D:8)
  Maggie (D:8)
  A merfolk (D:9)
  Prince Ribbit (D:7)
  A yak (D:8)
  A wraith (D:11)
  A yak (shapeshifter) (D:11)
  Duvessa (D:6)
  2 ice beasts
  6 orc warriors
  3 black bears
  An ogre (D:5)
  5 centaurs
  3 lemures (D:6)
  2 phantoms (D:5)
  4 scorpions
  A bullfrog (D:8)
  A gnoll sergeant (D:7)
  Dowan (D:6)
  4 killer bees (D:5)
  3 wights
  2 electric eels (D:7)
  3 centaur zombies
  2 bullfrog zombies
  5 hounds
  2 jellies
  Crazy Yiuf (D:6)
  4 orc priests
  A bullfrog skeleton (D:5)
  2 iguanas
  8 orc wizards
  2 killer bee zombies
  2 howler monkey zombies
  16 gnolls
  7 adders
  A shadow imp (D:6)
  A white imp (D:8)
  2 adder skeletons (D:4)
  4 worms
  5 dart slugs (D:1)
  29 orcs
  6 endoplasms
  3 giant cockroaches
  16 goblins
  11 hobgoblins
  4 jackals (D:4)
  5 quokkas
  3 training dummies (D:6)
  5 ball pythons
  3 bats
  3 frilled lizards
  18 kobolds
  4 rats
232 creatures vanquished.

Vanquished Creatures (others)
  A bat (D:3)
  8 fungi (D:8)
  10 plants
19 creatures vanquished.

Grand Total: 251 creatures vanquished

Notes
Turn   | Place    | Note
-------+----------+-------------------------------------------
     0 | D:1      | ABBCCCDDDD the Djinni Hedge Wizard began the quest for the
                  | Orb.
     0 | D:1      | Reached XP level 1. HP: 15/15 MP: 0/0
   490 | D:1      | Reached skill level 1 in Fighting
   490 | D:1      | Reached XP level 2. HP: 19/22 MP: 0/0
  1177 | D:1      | Reached XP level 3. HP: 24/28 MP: 0/0
  1177 | D:1      | Learned a level 1 spell: Freeze
  2303 | D:2      | Reached XP level 4. HP: 22/34 MP: 0/0
  2483 | D:2      | Found Ockenete's Distillery.
  2524 | D:2      | Found a faded altar of an unknown god.
  2558 | D:2      | Became a worshipper of Zin the Law-Giver
  2558 | D:2      | Reached * piety under Zin
  2977 | D:3      | Found Lauser's General Store.
  2995 | D:3      | Reached XP level 5. HP: 21/40 MP: 0/0
  2995 | D:3      | Learned a level 2 spell: Corpse Rot
  4072 | D:3      | Found an opulent altar of Gozag.
  4604 | D:4      | Reached XP level 6. HP: 30/47 MP: 0/0
  4877 | D:4      | Reached skill level 3 in Spellcasting
  5122 | D:4      | Reached ** piety under Zin
  5564 | D:4      | Reached XP level 7. HP: 50/53 MP: 0/0
  5564 | D:4      | Learned a level 3 spell: Portal Projectile
  5616 | D:4      | Reached skill level 5 in Dodging
  6001 | D:5      | Entered Level 5 of the Dungeon
  6022 | D:5      | Reached skill level 5 in Fighting
  6145 | D:5      | Reached skill level 4 in Spellcasting
  6284 | D:5      | Reached XP level 8. HP: 49/59 MP: 0/0
  6675 | D:5      | Found a staircase to the Ecumenical Temple.
  6744 | D:5      | Reached skill level 5 in Spellcasting
  6879 | D:5      | Reached *** piety under Zin
  7447 | D:5      | Reached skill level 6 in Spellcasting
  8359 | D:5      | Reached XP level 9. HP: 53/65 MP: 0/0
  8359 | D:5      | Learned a level 4 spell: Passage of Golubria
  8492 | D:6      | Found Akezepul's Firing Range.
  8721 | D:6      | Noticed Dowan
  8740 | D:6      | Noticed Duvessa
  8750 | D:6      | Killed Duvessa
  8751 | D:6      | Reached skill level 7 in Spellcasting
  8757 | D:6      | Killed Dowan
  8952 | D:6      | Found Puust's Armour Shop.
  9103 | D:6      | Found Feuti's Weapon Emporium.
  9483 | D:6      | Noticed Pikel
  9520 | D:6      | Killed Pikel
  9521 | D:6      | Reached skill level 8 in Spellcasting
  9712 | D:6      | Found Lenixtics's Weapon Shoppe.
 10138 | D:6      | Found Gonkuts's Armour Emporium.
 10146 | D:6      | Bought a +1 pair of gloves for 126 gold pieces
 10700 | D:6      | Found Wool's Jewellery Shoppe.
 10990 | D:6      | Found a runed translucent door.
 10993 | D:6      | Noticed Crazy Yiuf
 11012 | D:6      | Killed Crazy Yiuf
 11496 | D:7      | Reached skill level 9 in Spellcasting
 11496 | D:7      | Reached XP level 10. HP: 56/70 MP: 0/0
 11745 | D:7      | Noticed Prince Ribbit
 11758 | D:7      | Killed Prince Ribbit
 13222 | D:8      | Reached **** piety under Zin
 13313 | D:8      | Noticed Joseph
 13440 | D:8      | Killed Joseph
 13441 | D:8      | Reached skill level 10 in Spellcasting
 13658 | D:8      | Found a flagged portal.
 13662 | Bailey   | Entered a bailey
 13794 | Bailey   | Noticed an orc knight
 13813 | Bailey   | Killed an orc knight
 13848 | Bailey   | Reached ***** piety under Zin
 13848 | Bailey   | Reached ****** piety under Zin
 14664 | Bailey   | Found a bloodstained altar of Trog.
 14786 | D:8      | Noticed Maurice
 14820 | D:8      | Killed Maurice
 14963 | D:8      | Noticed Maggie
 14999 | D:8      | Reached skill level 11 in Spellcasting
 15004 | D:8      | Killed Maggie
 15005 | D:8      | Reached skill level 1 in Armour
 15005 | D:8      | Reached XP level 11. HP: 45/76 MP: 0/0
 15005 | D:8      | Learned a level 5 spell: Metabolic Englaciation
 15212 | D:8      | Found a staircase to the Lair.
 15789 | D:9      | Noticed a two-headed ogre
 15806 | D:9      | Killed a two-headed ogre
 15959 | D:9      | Noticed a two-headed ogre
 15971 | D:9      | Killed a two-headed ogre
 16241 | D:2      | Bought a potion of attraction for 39 gold pieces
 16280 | D:3      | Bought a potion of heal wounds for 65 gold pieces
 16356 | D:6      | Bought a +4 ring of protection for 540 gold pieces
 16409 | Lair:1   | Entered Level 1 of the Lair of Beasts
 16966 | D:10     | Entered Level 10 of the Dungeon
 16966 | D:10     | Noticed Snorg
 17530 | D:11     | Noticed a skeletal warrior
 17530 | D:11     | Noticed a skeletal warrior
 17547 | D:11     | Killed a skeletal warrior
 17752 | D:11     | Killed a skeletal warrior
 17933 | D:11     | Noticed a manticore
 18121 | D:11     | Noticed an orb spider
 18121 | D:11     | a rime drake changed into an orb spider
 18123 | D:11     | an orb spider changed into a blink frog
 18217 | D:11     | Noticed a skeletal warrior
 18217 | D:11     | Noticed a skeletal warrior
 18224 | D:11     | Killed a manticore
 18621 | D:10     | HP: 2/79 [Snorg (2)]
 18621 | D:10     | Mangled by Snorg

Illustrated notes

Levels and vault maps discovered:
D:1:      lemuel_arrival_behind_the_door_small, layout_loops_ring,
          grunt_decor_arrowhead
D:2:      minmay_angry_zag, layout_basic, serial_shops, shop,
          shapermc_ecumenical_altar_mp_ritualfount, kennysheep_minor_cross,
          fountainhead
D:3:      layout_rooms, grunt_gozag_breadcrumbs, serial_rivers,
          chequers_serial_rivers_large_a, chequers_serial_rivers_micro_c,
          chequers_serial_rivers_room_b, chequers_serial_rivers_large_b,
          chequers_serial_rivers_room_a, chequers_serial_rivers_micro_a,
          serial_shops, shop, lemuel_old_faithful
D:4:      layout_basic
D:5:      corexii_shantytown, layout_loops_ring, minmay_temple_entry_mist
D:6:      layout_basic, serial_shops, nicolae_shop_statue_plus,
          nicolae_shop_trees, nicolae_lakefront_shop, shop,
          nicolae_diamond_shop, nicolae_shop_firing_range, uniq_pikel,
          uniq_duvessa, uniq_crazy_yiuf_cottage
D:7:      layout_cave_pools, serial_bayou_pond_b, uniq_prince_ribbit1
D:8:      layout_loops_ring, grunt_lair_entry_orc_guard_hut, serial_aquarium,
          aquarium_bridge_square [aquarium_subvault_wall,
          aquarium_subvault_bridge, aquarium_subvault_window,
          aquarium_subvault_window], aquarium_bridge_square
          [aquarium_subvault_bridge, aquarium_subvault_wall,
          aquarium_subvault_window, aquarium_subvault_balcony],
          aquarium_window_2, aquarium_window_fake, aquarium_window_2,
          aquarium_view_2e, enter_bailey_4, uniq_joseph, uniq_maggie,
          uniq_maurice
D:9:      layout_basic, hangedman_fish_farm
D:10:     layout_long_grid, erik_orc_1, uniq_snorg
D:11:     layout_roguey [special_room_orc], ebering_ghost_gozag,
          lemuel_flamethrower_hall
Lair:1:   layout_cave_pods

Skill      XL: |  1  2  3  4  5  6  7  8  9 10 11 |
---------------+----------------------------------+-----
Fighting       | 1 2 3 4 5 7 |  7.1
Dodging        | 3 4 5 7 |  7.4
Spellcasting   | 3 4 6 9 11 | 11.0
Armour         | 1 4 |  4.7
Stealth        | |  1.5

Action                   |  1- 3 |  4- 6 |  7- 9 | 10-12 || total
-------------------------+-------+-------+-------+-------++-------
Melee: Flail             |     4 |       |    43 |       ||    47
       Dagger            |    26 |    65 |   178 |   109 ||   378
       Short sword       |       |       |       |   101 ||   101
Throw: Dart              |       |       |       |     6 ||     6
       Throwing net      |       |       |       |     3 ||     3
 Cast: Magic Dart        |    71 |   143 |   217 |   206 ||   637
       Slow              |       |     1 |     1 |       ||     2
       Conjure Flame     |       |       |    25 |    17 ||    42
       Blink             |       |       |     4 |     7 ||    11
       Mephitic Cloud    |       |       |     4 |    10 ||    14
       Freeze            |       |       |     2 |     1 ||     3
       Passage of Golubr |       |       |     2 |     3 ||     5
       Metabolic Englaci |       |       |       |     2 ||     2
Evoke: Wand              |       |       |     8 |     7 ||    15
  Use: Potion            |       |       |     1 |       ||     1
       Scroll            |       |       |       |    10 ||    10
 Stab: Sleeping          |     2 |     1 |     5 |       ||     8
       Confused          |       |       |     3 |     3 ||     6
Armor: Robe              |     6 |    13 |    20 |       ||    39
       Leather armour    |       |       |    27 |    32 ||    59
       Steam dragon scal |       |       |       |    77 ||    77
Dodge: Dodged            |    11 |    50 |   152 |   173 ||   386

Table legend: (Time is in decaauts)
 A = Elapsed time spent in this place.
 B = Non-inter-level travel time spent in this place.
 C = Inter-level travel time spent in this place.
 D = Time resting spent in this place.
 E = Time spent auto-exploring this place.
 F = Levels seen in this place.
 G = Mean time per level.
                   A        B        C        D        E       F      G
               +--------+--------+--------+--------+--------+-----+--------+
         Total |  18657 |  17820 |    837 |   8843 |   5623 |  13 | 1435.2 |
       Dungeon |  17619 |  16782 |    837 |   8147 |   5546 |  11 | 1601.7 |
          Lair |      1 |      1 |      0 |      0 |      0 |   1 |    1.0 |
        Bailey |   1036 |   1036 |      0 |    696 |     77 |   1 | 1036.0 |
               +--------+--------+--------+--------+--------+-----+--------+

Top non-repeatable levels by time:
     D:6: 2962 daAuts
     D:5: 2754 daAuts
     D:3: 1898 daAuts
     D:1: 1689 daAuts
     D:8: 1631 daAuts
     D:7: 1597 daAuts
     D:4: 1338 daAuts
     D:2: 1222 daAuts
    D:11: 1070 daAuts
  Bailey: 1036 daAuts
     D:9: 946 daAuts
    D:10: 507 daAuts
  Lair:1: 1 daAuts
